 Dungeon Crawl Stone Soup version 0.29.0-11-gd7f09526c8 (webtiles) character file.

Game seed: 6409943641704184046

6 Flugkiller the Trooper (level 1, 20/20 HPs)
             Began as a Minotaur Fighter on Sept 4, 2022.
             Was a Follower of Zin.
             Quit the game on level 1 of the Dungeon.
             The game lasted 00:00:05 (108 turns).

Flugkiller the Trooper (Minotaur Fighter)            Turns: 108, Time: 00:00:06

Health: 20/20      AC:  7    Str: 20    XL:     1   Next: 75%
Magic:  0/0        EV:  9    Int:  5    God:    Zin [*.....]
Gold:   0          SH:  4    Dex:  9    Spells: 0/0 levels left

rFire   . . .      SeeInvis .   a - +0 war axe
rCold   . . .      Faith    .   c - +0 buckler
rNeg    . . .      Spirit   .   b - +0 scale mail
rPois   .          Reflect  .   (helmet restricted)
rElec   .          Harm     .   (no cloak)
rCorr   .          Rampage  .   (no gloves)
Will    .....                   (no boots)
Stlth   ..........              (no amulet)
HPRegen 0.06/turn               (no ring)
MPRegen 0.07/turn               (no ring)

@: no status effects
A: horns 2, retaliatory headbutt
a: Renounce Religion, Recite, Donate Gold


You were on level 1 of the Dungeon.
You worshipped Zin.
Zin was aware of your devotion.
You visited 1 branch of the dungeon, and saw 1 of its levels.

Inventory:

Hand Weapons
 a - a +0 war axe (weapon)
Armour
 b - a +0 scale mail (worn)
 c - a +0 buckler (worn)
Potions
 d - a potion of might
 e - a potion of invisibility {unknown}


   Skills:
 + Level 3.7 Fighting
 * Level 2.8 Axes
 + Level 3.7 Armour
 - Level 3.6 Shields


You couldn't memorise any spells.
You didn't know any spells.
Your spell library was empty.

Dungeon Overview and Level Annotations

Branches:
Dungeon (1/15)

Altars:
Zin


Innate Abilities, Weirdness & Mutations

You have a pair of horns on your head.
You reflexively headbutt those who attack you in melee.


Message History

Welcome, Flugkiller the Minotaur Fighter.
You feel drawn to the Orb of Zot, downwards into the unfathomable depths...
Press ? for a list of commands and other information.
Found a staircase leading out of the dungeon.
You open the door.
There is an open door here.
As you open the door, it creaks loudly!
There is an open door here.
A goblin comes into view. It is wielding a +0 club.
A goblin is nearby!
A goblin is nearby!
Found a fuming brown potion.
A dart slug comes into view.
The goblin hits you with a +0 club.
You hit the goblin but do no damage. Your headbutt misses the goblin.
The goblin hits you but does no damage.
You barely miss the goblin.
You headbutt the goblin, but do no damage.
The goblin hits you but does no damage.
You hit the goblin. You headbutt the goblin.
You kill the goblin!
The dart slug launches a dart at you.
The slug dart hits you but does no damage.
The dart slug briefly extends its eye-stalks.
The dart slug barely misses you. You furiously retaliate!
You headbutt the dart slug!
You kill the dart slug!
You see here a +0 club.
No target in view!
No target in view!
HP restored.
e - a fuming brown potion A kobold comes into view.
It is wielding a +0 dagger.
A kobold is nearby!
A kobold is nearby!
Found a faded altar of an unknown god.
The kobold closely misses you. You furiously retaliate!
You headbutt the kobold.
You kill the kobold!
No target in view!
No target in view!
No target in view!
No target in view!
No target in view!
No target in view!
A ball python comes into view.
The ball python hisses angrily.
A ball python is nearby!
A ball python is nearby!
A ball python is nearby!
You hit the ball python.
You kill the ball python!
No target in view!
No target in view!
No target in view!
No target in view!
No target in view!
No target in view!
No target in view!
No target in view!
A frilled lizard and 2 rats come into view.
Found a scroll labelled BUEDOCK DUTZA.
The frilled lizard hisses angrily.
Things that are here:
a +0 dagger; a kobold corpse
There is a faded altar of an unknown god here.
You cannot tell which god this altar belongs to.
Convert to them anyway?
Zin accepts your prayer! Zin welcomes you!
You can now donate money to Zin.
You can now recite Zin's Axioms of Law.
Are you sure you want to abandon this character and quit the game? (Confirm with "yes".)

.........#..?...#
#.........#......#
#.........#......###.
#...!.....#.........
#.........#..rr....
#.........#......#
#.........)..l...###.
#.......##..........
##.....###..@....#
##.#..# ######..#
...#..## #... ##
######...# #..#
....#.#.##..#
#.........###
##..........#
########.........#
..........)........


You could see a frilled lizard and 2 rats.

Vanquished Creatures
  A dart slug (D:1)
  A goblin (D:1)
  A kobold (D:1)
  A ball python (D:1)
4 creatures vanquished.

Notes
Turn   | Place    | Note
-------+----------+-------------------------------------------
     0 | D:1      | Flugkiller the Minotaur Fighter began the quest for the
                  | Orb.
     0 | D:1      | Reached XP level 1. HP: 19/19 MP: 0/0
    96 | D:1      | Found a faded altar of an unknown god.
   107 | D:1      | Prayed at the altar of an unknown god.
   107 | D:1      | Became a worshipper of Zin the Law-Giver
   107 | D:1      | Reached * piety under Zin
   108 | D:1      | Quit the game

Illustrated notes

Levels and vault maps discovered:
D:1:      minmay_arrival_four_houses, layout_rooms, basic_ecumenical_altar

Action                   || total
-------------------------++-------
Melee: War axe           ||     4
       Headbutt          ||     2
Armor: Scale mail        ||     3
Dodge: Dodged            ||     2
